AoeStats
← Spatana2177

Arena

504584320Analyzed
4v4 RM · 28d ago on Sep 5, 2026· 33m 56s· 8 players
Game mode
Random Map
Map size
Large (8 player)
Population
200
Speed
Normal
Resources
Standard
Victory
Conquest
Starting age
Dark Age
Ending age
Imperial Age
RankedLock teamsTeams togetherTeam positionsShared explorationLock speedFull tech treeHidden civsTurbo modeCheats
Victory
Defeat
🇩🇪 Britons · Germany
1376
+10
🇩🇪 Turks · Germany
1317
+12
🇩🇪 Teutons · Germany
1273
+13
🇩🇪 Hindustanis · Germany
1264
+14
🇳🇴 Khmer · Norway
1254
-13
🇵🇪 Khitans · Peru
1237
-13
🇫🇷 Britons · France
1233
-13
🇫🇷 Hindustanis · France
1161
-10
BlueSky
10:55 Feudal Age
14:06 Castle Age
12:45 Double-Bit Axe
12:43 Horse Collar
16:38 Loom
19:07 Wheelbarrow
22:32 Bow Saw
22:36 Heavy Plow
27:29 Ballistics
30:57 Imperial Age
28:45 Hand Cart
28:16 Town Watch
31:56 Double Crossbow
32:16 Conscription
32:03 Scale Barding Armor
32:08 Scale Mail Armor
31:54 Pikeman
32:46 Forging
34:14 Chemistry
33:31 Elite Ballista Elephant
Evil Walks
10:52 Feudal Age
9:08 Loom
14:51 Castle Age
15:33 Double-Bit Axe
18:20 Horse Collar
19:57 Gold Mining
22:18 Scale Barding Armor
22:48 Forging
23:04 Bloodlines
24:49 Chain Barding Armor
25:31 Wheelbarrow
26:08 Iron Casting
26:31 Husbandry
27:06 Hand Cart
26:59 Heavy Plow
27:46 Bow Saw
27:30 Town Watch
35:09 Imperial Age
Fricelebarbare
10:32 Feudal Age
12:41 Loom
21:00 Castle Age
21:20 Fletching
22:18 Bodkin Arrow
jona_vte_94
11:14 Feudal Age
15:21 Castle Age
14:09 Loom
14:28 Scale Mail Armor
14:28 Padded Archer Armor
14:57 Double-Bit Axe
14:53 Domestication
17:03 Forging
16:46 Man-at-Arms
Zufällig
10:55 Feudal Age
12:14 Double-Bit Axe
12:10 Horse Collar
13:40 Bloodlines
14:10 Forging
15:11 Scale Barding Armor
24:33 Castle Age
24:41 Gold Mining
25:51 Chain Barding Armor
26:06 Iron Casting
25:57 Husbandry
26:11 Bow Saw
28:19 Wheelbarrow
27:57 Heavy Plow
31:58 Hand Cart
32:04 Loom
34:09 Gold Shaft Mining
KIV.Käpsele
10:37 Feudal Age
14:33 Castle Age
12:21 Double-Bit Axe
13:33 Fletching
14:54 Loom
18:49 Bodkin Arrow
21:29 Horse Collar
31:44 Imperial Age
29:57 Ballistics
30:27 Gold Mining
30:32 Pikeman
32:05 Halberdier
33:41 Town Watch
34:00 Scale Mail Armor
Spatana2177
10:54 Feudal Age
14:46 Castle Age
12:38 Double-Bit Axe
13:10 Horse Collar
16:00 Heavy Plow
16:09 Loom
16:41 Bow Saw
22:04 Gold Mining
23:29 Wheelbarrow
24:38 Gold Shaft Mining
27:15 Husbandry
27:26 Bloodlines
27:31 Forging
27:27 Scale Barding Armor
30:38 Imperial Age
29:19 Iron Casting
30:03 Chain Barding Armor
30:46 Heavy Camel Rider
32:06 Plate Barding Armor
33:48 Blast Furnace
33:34 Coinage
33:05 Caravan
32:55 Imperial Camel Rider
KIV.Master Dj
8:52 Feudal Age
7:45 Loom
11:44 Double-Bit Axe
23:32 Castle Age
23:08 Gold Mining
23:11 Stone Mining
25:03 Pikeman
31:17 Horse Collar
32:07 Scale Mail Armor
33:06 Squires
34:28 Bow Saw
Connection lost

Rejoining the realm…

Still unreachable

The connection could not be restored.

Session expired

The server has moved on; the page needs a fresh start.